[Event "Early-Titled-Tuesday-Blitz-January-16-2024"]
[Site "Chess.com"]
[Date "2024.01.16"]
[Round "4"]
[White "Witty_Alien"]
[Black "SharapovEvgeny"]
[Result "0-1"]
[WhiteElo "2350"]
[BlackElo "2541"]
[TimeControl "180+1"]
[EndTime "8:40:31 PST"]
[Termination "SharapovEvgeny won by checkmate"]

1. e4 c5 2. Nf3 d6 3. d4 cxd4 4.
c3 Nf6 5. Bd3 dxc3 6. O-O g6 7.
Nxc3 Bg7 8. Bg5 O-O 9. Qd2 Nbd7 10. Bh6 b6 11. Rac1 Bb7 12. Bxg7 Kxg7 13. Nd4 Nc5 14. Bb1 Ncxe4 15. Nxe4 Nxe4 16. Bxe4 Bxe4 17. Rfe1 Bb7 18. Nf5+ gxf5 19. Qg5+ Kh8 20. Rxe7 Rg8 21. Qf6+ Rg7 22. h4 Bd5 23. h5 Kg8 24. Rcc7 Rc8 25. Red7 Rxg2+ 26.
Kf1 Qxf6 27. Rxc8+ Kg7 28. Rdd8 Kh6 29. Rh8 Qxb2 30.
Rc1 Qxf2# 0-1

[Event "Early-Titled-Tuesday-Blitz-January-16-2024"]
[Site "Chess.com"]
[Date "2024.01.16"]
[Round "4"]
[White "KChor05"]
[Black "Martial2008"]
[Result "0-1"]
[WhiteElo "2548"]
[BlackElo "2731"]
[TimeControl "180+1"]
[EndTime "8:40:33 PST"]
[Termination "Martial2008 won by resignation"]

1. e4 e5 2. Nf3 Nc6 3. Bb5 a6 4. Ba4 d6 5. c3 f5 6. Qe2 Nf6 7. exf5 Be7 8. O-O Bxf5 9. d4 e4 10. Nh4 Bg4 11. f3 exf3 12. Nxf3 O-O 13. Bxc6 bxc6 14.
Qc4+ d5 15. Qxc6 Bd7 16. Qb7 Bb5 17. Re1 Ne4 18. Na3 Bxa3 19. bxa3 Qd6 20. a4 Rfb8 21. Bf4 Rxb7 22. Bxd6 cxd6 23. axb5 axb5 24. Re3 Ra3 25. Rf1 Rc7 26. Ng5 Rcxc3 27. Ne6 h6 28. Rf8+ Kh7 29. Re1 Rxa2 30. Rf7 Kg6 31. Rxg7+ Kf6 32.
Nc7 Kxg7 33. Nxd5 Rcc2 34. Rxe4 Ra1+ 0-1

[Event "Early-Titled-Tuesday-Blitz-January-16-2024"]
[Site "Chess.com"]
[Date "2024.01.16"]
[Round "4"]
[White "oganromchess"]
[Black "adotand"]
[Result "1-0"]
[WhiteElo "2544"]
[BlackElo "2869"]
[TimeControl "180+1"]
[EndTime "8:40:33 PST"]
[Termination "oganromchess won by checkmate"]

1. e4 c6 2. Nc3 d5 3. f3 e5 4. d4 dxe4 5. dxe5 Qxd1+ 6. Nxd1 exf3 7. Nxf3 Bc5 8. Bc4 Ne7 9. Be3 Bxe3 10. Nxe3 O-O 11. Ng5 h6 12. Nxf7 Rxf7 13. O-O-O g6 14. Rd8+ Kg7 15. Bxf7 Kxf7 16. Rf1+ Kg7 17. Rff8 Nd7 18.
Rfe8 Kf7 19. Nc4 Nb6 20. Rf8+ Kg7 21. Nd6 a5 22. Rf7# 1-0

[Event "Early-Titled-Tuesday-Blitz-January-16-2024"]
[Site "Chess.com"]
[Date "2024.01.16"]
[Round "4"]
[White "queen_iryna"]
[Black "cristianserban1"]
[Result "0-1"]
[WhiteElo "2347"]
[BlackElo "2540"]
[TimeControl "180+1"]
[EndTime "8:40:35 PST"]
[Termination "cristianserban1 won by resignation"]

1. e4 g6 2. d4 Bg7 3. Nc3 c6 4. f4 d5 5. e5 a6 6. Nf3 Bg4 7. Be3 e6 8. Bd3 Nd7 9. O-O Ne7 10. Ne2 Rc8 11. h3 Bxf3 12. Rxf3 c5 13. dxc5 Nxc5 14.
Nd4 O-O 15. c3 Qc7 16. a4 Rfd8 17. Bf2 Nf5 18. Bxf5 exf5 19. a5 Rd7 20. Qe2 Ne6 21. Nxe6 fxe6 22. Bb6 Qc6 23. Rd1 Bf8 24. Qf2 Bc5 25.
Bxc5 Qxc5 26. Qxc5 Rxc5 27. b4 Rc4 28. Kf2 Rdc7 29.
Rdd3 Kf7 30. Ke2 h6 31. h4 g5 32. hxg5 hxg5 33. g3 Kg6 34. Kd2 Kh5 35. Rf1 Kg4 36.
Rd4 Rxd4+ 37. cxd4 Rc4 38. Kd3 Rxb4 39. fxg5 Kxg5 40. Rc1 Rb3+ 41. Ke2 Rxg3 42. Rc7 Kf4 43. Rxb7 Ke4 44. Rb6 Rg6 45. Rxa6 Kxd4 46. Rb6 Kxe5 47. a6 Rg2+ 48. Kd3 Ra2 49. Rc6 f4 50. a7 Rxa7 0-1

[Event "Early-Titled-Tuesday-Blitz-January-16-2024"]
[Site "Chess.com"]
[Date "2024.01.16"]
[Round "4"]
[White "ritanovikova"]
[Black "Kopytkin"]
[Result "0-1"]
[WhiteElo "2169"]
[BlackElo "2391"]
[TimeControl "180+1"]
[EndTime "8:40:35 PST"]
[Termination "Kopytkin won by resignation"]

1. e4 Nf6 2. e5 Nd5 3. Nf3 d6 4. c4 Nb6 5. exd6 cxd6 6. d4 g6 7. b3 Bg7 8. Bb2 O-O 9. h3 Nc6 10. Na3 Bf5 11. Bd3 Qd7 12. Qc2 Nb4 13. Bxf5 Nxc2+ 14. Bxc2 d5 15. c5 Nc8 16. Bd3 e6 17.
O-O Ne7 18. Nc2 Nc6 19. b4 a6 20. a4 Rfd8 21. b5 axb5 22. axb5 Na5 23. Bc3 Nc4 24.
Bxc4 dxc4 25. b6 Qb5 26. Rab1 Qd7 27. Ne3 Ra4 28. Rfd1 Qc8 29. Rbc1 Bh6 30. Rc2 Qa8 31. Ng4 Bg7 32. Ne3 Ra2 33. Rcc1 Qa4 34. Ng4 Rc2 35. Ne3 Ra2 36. Ng4 Rc2 37. Ne3 Rxc1 38. Rxc1 Bh6 39. Rd1 Bxe3 40. fxe3 Qxd1+ 0-1

[Event "Early-Titled-Tuesday-Blitz-January-16-2024"]
[Site "Chess.com"]
[Date "2024.01.16"]
[Round "4"]
[White "Matols"]
[Black "sucof4reve"]
[Result "1-0"]
[WhiteElo "2379"]
[BlackElo "2002"]
[TimeControl "180+1"]
[EndTime "8:40:35 PST"]
[Termination "Matols won by resignation"]

1. d4 Nf6 2. c4 c5 3. d5 e6 4.
Nc3 exd5 5. cxd5 d6 6. e4 g6 7.
h3 Bg7 8. Nf3 O-O 9. Bd3 Re8 10.
O-O Nbd7 11. Bf4 Qe7 12. Re1 Nh5 13. Bh2 a6 14. a4 Ne5 15. Be2 Nxf3+ 16. Bxf3 Nf6 17.
e5 dxe5 18. Rxe5 Qf8 19. d6 Nd7 20. Rxe8 Qxe8 21. Nd5 Rb8 22. Ne7+ Kh8 23. Qc2 b5 24. axb5 axb5 25. Ra7 Be5 26. Bc6 Bxh2+ 27. Kxh2 h5 28.
Nxc8 Rxc8 29. Bxd7 Qe5+ 30. g3 Rd8 31. Bxb5 Rxd6 32.
Rxf7 Rf6 33. Rxf6 Qxf6 34. Qc3 Kg7 35. Kg2 Kf7 36. Qxf6+ Kxf6 37. Kf3 Ke5 38. Ke3 Kd5 39. b3 g5 40. h4 gxh4 41. gxh4 Ke5 42. f4+ Kf5 43.
Kf3 Kf6 44. Ke4 Ke6 45. f5+ Kf6 46. Kf4 1-0

[Event "Early-Titled-Tuesday-Blitz-January-16-2024"]
[Site "Chess.com"]
[Date "2024.01.16"]
[Round "4"]
[White "1mbl4"]
[Black "Witik"]
[Result "1-0"]
[WhiteElo "2587"]
[BlackElo "2768"]
[TimeControl "180+1"]
[EndTime "8:40:36 PST"]
[Termination "1mbl4 won on time"]

1. d4 d5 2. Nc3 Nf6 3. Bf4 e6 4.
Nb5 Na6 5. e3 Be7 6. Nf3 O-O 7.
Be2 c6 8. Nc3 c5 9. Nb5 Bd7 10.
a4 Nb4 11. c3 Nc6 12. h3 Ne4 13.
O-O a6 14. Na3 c4 15. Qc2 Na5 16. Nxc4 Nxc4 17. Bxc4 Nxc3 18. Bd3 Ne4 19. Bxe4 dxe4 20. Ne5 f5 21. Qb3 Ra7 22. d5 Rf6 23. Bg5 Be8 24. Bxf6 Bxf6 25. dxe6 Qe7 26. Nd7 Bg5 27. Nb6 a5 28.
Nc8 1-0

[Event "Early-Titled-Tuesday-Blitz-January-16-2024"]
[Site "Chess.com"]
[Date "2024.01.16"]
[Round "4"]
[White "hawes33"]
[Black "MidnightFox"]
[Result "0-1"]
[WhiteElo "2270"]
[BlackElo "2503"]
[TimeControl "180+1"]
[EndTime "8:40:36 PST"]
[Termination "MidnightFox won by resignation"]

1. e4 c5 2. Nc3 e6 3. g3 Nc6 4.
Bg2 Nf6 5. d3 Be7 6. f4 d5 7.
Nge2 b6 8. O-O Bb7 9. e5 Nd7 10. b3 a6 11. Bb2 Qc7 12. Qe1 O-O-O 13. a4 Rdf8 14. a5 Nxa5 15. Na4 Nc6 16. c3 g5 17. d4 gxf4 18. Nxf4 h5 19. Ba3 h4 20. Bxd5 hxg3 21. hxg3 exd5 22. Nxd5 Qd8 23. dxc5 Bxc5+ 24.
Bxc5 bxc5 25. Rd1 Ncxe5 26. Ndb6+ Kb8 27. Nxd7+ Nxd7 28. Nxc5 Rh1+ 29. Kf2 Rh2+ 30. Ke3 Qe7+ 31. Kd3 Nxc5+ 32. Kc4 Re2 33. Qxe2 Qxe2+ 34. Kxc5 Qb5+ 35. Kd4 Rd8+ 36. Ke3 Qe5+ 37. Kf2 Rxd1 0-1

[Event "Early-Titled-Tuesday-Blitz-January-16-2024"]
[Site "Chess.com"]
[Date "2024.01.16"]
[Round "4"]
[White "GHANDEEVAM2003"]
[Black "Arifarsky"]
[Result "1-0"]
[WhiteElo "3007"]
[BlackElo "2716"]
[TimeControl "180+1"]
[EndTime "8:40:37 PST"]
[Termination "GHANDEEVAM2003 won by resignation"]

1. c4 Nf6 2. g3 g6 3. Bg2 Bg7 4. Nc3 O-O 5. e4 d6 6. Nge2 e5 7.
d4 Nbd7 8. O-O c6 9. h3 exd4 10. Nxd4 Re8 11. Re1 a5 12. Bf4 Ne5 13. b3 Nh5 14.
Be3 Nd7 15. Qc2 Nc5 16. Rad1 Na6 17. a3 Qc7 18. Na4 Nf6 19. Bf4 Nh5 20. Bc1 Nf6 21. Bf4 Nh5 22. Be3 Nf6 23. Ne2 Nd7 24. f4 Rb8 25. Qd2 b5 26. cxb5 cxb5 27. Nac3 Ndc5 28. Nd5 Qd8 29. Qc2 Be6 30. b4 Nd7 31. Qc6 Qc8 32. Rc1 Bxd5 33. Qxd5 Qb7 34. Qxd6 Bf8 35. Qd2 axb4 36.
e5 1-0

[Event "Early-Titled-Tuesday-Blitz-January-16-2024"]
[Site "Chess.com"]
[Date "2024.01.16"]
[Round "4"]
[White "Marcin"]
[Black "Chempiblinka"]
[Result "1-0"]
[WhiteElo "2499"]
[BlackElo "2265"]
[TimeControl "180+1"]
[EndTime "8:40:37 PST"]
[Termination "Marcin won on time"]

1. d4 Nf6 2. c4 g6 3. Nc3 Bg7 4.
e4 d6 5. Nf3 O-O 6. Be2 Bg4 7.
Be3 c5 8. dxc5 dxc5 9. Qxd8 Rxd8 10. Bxc5 Nc6 11. O-O b6 12. Be3 Rac8 13. Rad1 Nd7 14. Rc1 Bxf3 15. gxf3 Nce5 16. Nd5 Kf8 17. f4 Nc6 18. e5 e6 19. Nc3 f5 20. Nb5 Kg8 21. Nd6 Rb8 22. Bf3 Nb4 23. a3 Na6 24. b4 Bf8 25. c5 bxc5 26. bxc5 Nc7 27. Rfd1 g5 28. c6 gxf4 29. cxd7 fxe3 30. Rxc7 exf2+ 31. Kxf2 Rb2+ 32. Kg1 Bh6 33. Rc8 Be3+ 34. Kh1 Rb8 35. Rxb8 Rxb8 36.
Nc8 Bb6 37. Nxb6 1-0

[Event "Early-Titled-Tuesday-Blitz-January-16-2024"]
[Site "Chess.com"]
[Date "2024.01.16"]
[Round "4"]
[White "RojonR"]
[Black "BilodeauA"]
[Result "0-1"]
[WhiteElo "2611"]
[BlackElo "2912"]
[TimeControl "180+1"]
[EndTime "8:40:38 PST"]
[Termination "BilodeauA won on time"]

1. e4 c5 2. Nf3 Nc6 3. Bb5 g6 4. Bxc6 dxc6 5. d4 cxd4 6. Qxd4 Qxd4 7. Nxd4 e5 8. Nf3 f6 9. O-O Nh6 10. Nc3 Be6 11. Be3 Nf7 12. Rad1 b6 13. Rd2 Bb4 14. a3 Bxc3 15. bxc3 Ke7 16. Rfd1 Rhd8 17. Rxd8 Nxd8 18. Ne1 Nb7 19. Nd3 Nd6 20. f3 Nc4 21. Bc1 a5 22. Kf2 c5 23. h4 h5 24. Ke2 Bd7 25. g3 Ba4 26. Ne1 Bb5 27. Kf2 Ke6 28. Ng2 Ba4 29.
Ne3 Nxe3 30. Kxe3 Bxc2 31. Rd2 Bb3 32. Rb2 a4 33. Rd2 b5 34. Bb2 f5 35. Bc1 Bc4 36. Rd1 Rf8 37. Rd2 Bb3 38. Rd3 fxe4 39. fxe4 Rf1 40. Bd2 Bd1 41. Bc1 Bc2 42. Rd2 Rxc1 0-1

[Event "Early-Titled-Tuesday-Blitz-January-16-2024"]
[Site "Chess.com"]
[Date "2024.01.16"]
[Round "4"]
[White "MightyGMpretender"]
[Black "vugarrasulov"]
[Result "1-0"]
[WhiteElo "2853"]
[BlackElo "2958"]
[TimeControl "180+1"]
[EndTime "8:40:40 PST"]
[Termination "MightyGMpretender won by resignation"]

1. Nf3 d5 2. e3 Nf6 3. c4 e6 4.
b3 Bd6 5. Bb2 O-O 6. Nc3 a6 7.
g3 dxc4 8. bxc4 b6 9. Bg2 Bb7 10. O-O Nbd7 11. d4 Ne4 12. Qc2 Nxc3 13. Bxc3 Nf6 14. Rfd1 Be4 15. Qe2 Qe7 16. a4 a5 17.
Bf1 Rfd8 18. Nd2 Bb7 19. e4 e5 20. d5 Nd7 21. Nb3 Nc5 22. Nxc5 Bxc5 23. Qh5 f6 24. Bh3 Bc8 25. Bxc8 Raxc8 26. Kg2 Qf7 27. Qxf7+ Kxf7 28. f4 Re8 29. fxe5 fxe5 30. Rf1+ Kg8 31. Rf5 Bd6 32.
Rb1 g6 33. Rf6 Rf8 34. Rbf1 Rxf6 35. Rxf6 Re8 36. g4 Rf8 37. Re6 Rf4 38. Bxe5 Rxe4 39.
Bxd6 Rxe6 40. dxe6 cxd6 41. Kf3 Kf8 42. Ke4 Ke7 43. Kd5 g5 44. Kc6 Kxe6 45. Kxb6 d5 46. c5 d4 47. c6 d3 48. c7 1-0

[Event "Early-Titled-Tuesday-Blitz-January-16-2024"]
[Site "Chess.com"]
[Date "2024.01.16"]
[Round "4"]
[White "SmirnovAlexandrA"]
[Black "dasatcu90"]
[Result "1-0"]
[WhiteElo "2645"]
[BlackElo "2322"]
[TimeControl "180+1"]
[EndTime "8:40:41 PST"]
[Termination "SmirnovAlexandrA won on time"]

1. e4 c6 2. d4 d5 3. e5 Bf5 4. Nf3 e6 5. Be2 Nd7 6. O-O Ne7 7.
Nh4 h6 8. Nxf5 Nxf5 9. Nd2 c5 10. Nf3 cxd4 11. Nxd4 Nxd4 12. Qxd4 Bc5 13. Qf4 Qc7 14. Bb5 O-O 15. Qg3 Kh8 16. Re1 a6 17. Bd3 Bd4 18. Bxh6 Bxe5 19. Qh4 Bxh2+ 20. Kh1 Kg8 21. Qg5 Be5 22. Re3 Bf6 23. Qh5 1-0

[Event "Early-Titled-Tuesday-Blitz-January-16-2024"]
[Site "Chess.com"]
[Date "2024.01.16"]
[Round "4"]
[White "DrVitman"]
[Black "nickmatta"]
[Result "1-0"]
[WhiteElo "2786"]
[BlackElo "2576"]
[TimeControl "180+1"]
[EndTime "8:40:42 PST"]
[Termination "DrVitman won by resignation"]

1. e4 c5 2. Nc3 e6 3. Nge2 Nc6 4. g3 d5 5. exd5 exd5 6. d4 Nf6 7. Bg2 cxd4 8. Nxd4 Bc5 9. Be3 Qb6 10. Na4 Qa5+ 11. c3 Bg4 12. f3 Bd7 13. Nxc5 Qxc5 14. Kf2 Qd6 15. Nxc6 bxc6 16. b4 Be6 17. Re1 Nd7 18. Bf4 Qe7 19. Qa4 O-O 20. Bf1 Qf6 21. Rac1 g5 22. Bd6 Bg4 23. Bxf8 Qxf3+ 24. Kg1 Rxf8 25. Qxc6 Ne5 26. Rxe5 Bf5 27. Bg2 Qg4 28. Qxd5 Be6 29. Rxg5+ Kh8 30. Rxg4 1-0

[Event "Early-Titled-Tuesday-Blitz-January-16-2024"]
[Site "Chess.com"]
[Date "2024.01.16"]
[Round "4"]
[White "invisible_s0ul"]
[Black "Predo63"]
[Result "0-1"]
[WhiteElo "2285"]
[BlackElo "2506"]
[TimeControl "180+1"]
[EndTime "8:40:42 PST"]
[Termination "Predo63 won on time"]

1. g3 d5 2. Bg2 Nf6 3. Nf3 c6 4. d3 Bf5 5. O-O h6 6. Nbd2 e6 7. Qe1 Be7 8. e4 dxe4 9. dxe4 Bh7 10. c4 O-O 11. Qe2 Qc7 12. b3 a5 13. Bb2 Rd8 14.
Be5 Qb6 15. Rad1 Nbd7 16. Bd4 Bc5 17. Bxc5 Qxc5 18. e5 Ne8 19. Ne4 Bxe4 20. Qxe4 Nf8 21. h4 a4 22. h5 Nh7 23. Rd3 Rxd3 24. Qxd3 Nc7 25. Rd1 Na6 26. Qd6 Nf8 27. Ne1 Qxd6 28. Rxd6 axb3 29. axb3 Nb4 30. Nd3 Nxd3 31. Rxd3 g6 32.
f4 gxh5 33. Bf3 h4 34. g4 Ng6 35. Rd4 c5 36. Re4 Ra3 37. f5 Rxb3 38. Kg2 h3+ 39. Kf2 Nh4 40. Bh1 Rb1 0-1

[Event "Early-Titled-Tuesday-Blitz-January-16-2024"]
[Site "Chess.com"]
[Date "2024.01.16"]
[Round "4"]
[White "Pastore1978"]
[Black "tusplingher"]
[Result "1-0"]
[WhiteElo "2285"]
[BlackElo "2484"]
[TimeControl "180+1"]
[EndTime "8:40:42 PST"]
[Termination "Pastore1978 won by checkmate"]

1. e4 c5 2. Nc3 Nc6 3. Bb5 g6 4. Bxc6 dxc6 5. d3 Bg7 6. f4 e5 7. Nf3 exf4 8. Bxf4 Nf6 9. O-O Nd7 10. e5 O-O 11.
Qe2 Re8 12. Rae1 Nf8 13. Ne4 Bg4 14. h3 Bxf3 15. Qxf3 Ne6 16. Bg3 Rf8 17. Nf6+ Kh8 18. Kh2 Qd4 19. c3 Qd8 20. Bh4 Qc7 21. Re4 Rad8 22.
Bg3 Ng5 23. Qg4 Nxe4 24. Qxe4 Qe7 25. Qh4 h5 26. Rf5 Bxf6 27. exf6 Qe2 28. Qg5 Kh7 29. Bf4 Rh8 30. Qh6+ Kg8 31. Qg7# 1-0

[Event "Early-Titled-Tuesday-Blitz-January-16-2024"]
[Site "Chess.com"]
[Date "2024.01.16"]
[Round "4"]
[White "TrahtarBelarus"]
[Black "iwanyu"]
[Result "1-0"]
[WhiteElo "2894"]
[BlackElo "2672"]
[TimeControl "180+1"]
[EndTime "8:40:43 PST"]
[Termination "TrahtarBelarus won by resignation"]

1. a3 Nf6 2. Nf3 g6 3. g3 Bg7 4.
Bg2 O-O 5. O-O d5 6. d4 a5 7. Bf4 c5 8. dxc5 Nc6 9. Nc3 d4 10. Nb5 Nd5 11. c3 dxc3 12. Nxc3 Nxf4 13. gxf4 Qc7 14. e3 Be6 15. Qa4 Rad8 16. Rac1 Bg4 17. b4 axb4 18. axb4 e5 19. b5 Bxf3 20. Bxf3 Ne7 21.
Ne2 Nf5 22. b6 Qe7 23. fxe5 Bxe5 24. Ng3 Nh4 25. Bh1 Rd2 26. Rc2 Rfd8 27. Rxd2 Rxd2 28. c6 bxc6 29. Qxc6 Rb2 30. b7 Kg7 31. Qe4 Qf6 32. Qg4 Bb8 33. Nh5+ 1-0

[Event "Early-Titled-Tuesday-Blitz-January-16-2024"]
[Site "Chess.com"]
[Date "2024.01.16"]
[Round "4"]
[White "SmirnovTimofey2000"]
[Black "Flaccidmoves"]
[Result "0-1"]
[WhiteElo "1999"]
[BlackElo "2434"]
[TimeControl "180+1"]
[EndTime "8:40:43 PST"]
[Termination "Flaccidmoves won on time"]

1. e4 g6 2. d4 Bg7 3. Nc3 d6 4. Bf4 a6 5. Qd2 b5 6. a3 Nc6 7. Nf3 Bg4 8. d5 Bxf3 9. gxf3 Ne5 10. Be2 Rb8 11. h4 h5 12. Bxe5 dxe5 13. f4 Bh6 14. Rg1 Bxf4 15. Qd3 Nf6 16. Rd1 Qd6 17. Na2 O-O 18.
Nb4 Nd7 19. Nc6 Ra8 20. Bxh5 Kg7 21. b4 Rh8 22. Be2 Rxh4 23. Qf3 Rah8 24. Qg2 e6 25.
Bf3 exd5 26. exd5 Nf6 27. Ke2 e4 28. Bxe4 Re8 29. f3 Rh2 30. Qf2 Rxf2+ 31. Kxf2 Nxe4+ 32. fxe4 Rxe4 33. Rg4 Be3+ 0-1

[Event "Early-Titled-Tuesday-Blitz-January-16-2024"]
[Site "Chess.com"]
[Date "2024.01.16"]
[Round "4"]
[White "NowInChess"]
[Black "NovoselovRoman"]
[Result "1-0"]
[WhiteElo "2306"]
[BlackElo "2555"]
[TimeControl "180+1"]
[EndTime "8:40:44 PST"]
[Termination "NowInChess won by checkmate"]

1. e4 e6 2. d3 d5 3. Nd2 Nf6 4. Ngf3 Be7 5. g3 O-O 6. e5 c5 7. exf6 Bxf6 8. Bg2 Nc6 9. O-O b6 10. Re1 Bb7 11. c3 e5 12. c4 Nb4 13. Nb3 dxc4 14. dxc4 Nd3 15. Re3 e4 16. Ne1 Bg5 17. Rxd3 exd3 18.
Bxg5 Qxg5 19. Bxb7 Rad8 20. Bd5 b5 21. Qd2 Qf6 22. Rd1 bxc4 23. Bxc4 Rfe8 24. Nxd3 h5 25.
h4 Qf3 26. Re1 Rxe1+ 27. Nxe1 Qf6 28. Qf4 Qxb2 29. Qxf7+ Kh7 30. Qxh5# 1-0

[Event "Early-Titled-Tuesday-Blitz-January-16-2024"]
[Site "Chess.com"]
[Date "2024.01.16"]
[Round "4"]
[White "Manukyan_Artak"]
[Black "ChessGiantYouTube"]
[Result "1-0"]
[WhiteElo "2555"]
[BlackElo "2199"]
[TimeControl "180+1"]
[EndTime "8:40:45 PST"]
[Termination "Manukyan_Artak won by checkmate"]

1. e4 g6 2. d4 Bg7 3. c4 d6 4. Nc3 e6 5. Nf3 h6 6. Be3 Ne7 7. Qd2 b6 8. O-O-O Bb7 9. d5 e5 10. g4 a5 11. h4 Nd7 12. Bd3 Nf6 13. Rdg1 Bc8 14. Nh2 h5 15. g5 Ng4 16. Nxg4 Bxg4 17. Rg3 Bc8 18. Bc2 Kf8 19. Rf1 Kg8 20. f4 exf4 21.
Bxf4 Kh7 22. Re3 Rf8 23. e5 Nf5 24. Bxf5 Bxf5 25. Nb5 dxe5 26. Bxe5 Bxe5 27. Rxe5 Rc8 28. Nd4 Bg4 29. Nc6 Qd6 30. Rf6 Qc5 31. Qc3 Qg1+ 32. Re1 Qh2 33. Ref1 Bf5 34. R1xf5 Qxh4 35. Rxf7+ Rxf7 36. Rxf7+ Kg8 37. Qg7# 1-0

[Event "Early-Titled-Tuesday-Blitz-January-16-2024"]
[Site "Chess.com"]
[Date "2024.01.16"]
[Round "4"]
[White "doctorcristian"]
[Black "Nikolakis2014"]
[Result "0-1"]
[WhiteElo "2557"]
[BlackElo "2745"]
[TimeControl "180+1"]
[EndTime "8:40:47 PST"]
[Termination "Nikolakis2014 won by resignation"]

1. d4 Nf6 2. Nc3 d5 3. Bf4 c5 4.
e3 cxd4 5. exd4 a6 6. h3 Nc6 7. Nf3 g6 8. Ne5 Bd7 9. Nxc6 Bxc6 10. Be5 Bg7 11. Bd3 O-O 12. Ne2 Qb6 13. Qc1 Bb5 14.
Bxb5 Qxb5 15. c3 Rac8 16. Qc2 Nd7 17. Bxg7 Kxg7 18. O-O Nf6 19. Rfe1 e6 20. Nf4 Qb6 21. Nd3 Qxd4 22. Rad1 Qb6 23. Ne5 Rfd8 24. Qb1 d4 25. cxd4 Rxd4 26. Nf3 Rxd1 27. Rxd1 Qc6 28. Qd3 Qc2 29. Qd4 Rc4 30. Qd8 Qxb2 31. Ng5 Rc1 32. h4 Rxd1+ 33. Qxd1 h6 34. Nf3 Qxa2 35. Qd4 Qb1+ 36.
Kh2 Qe4 37. Qb2 e5 38. Kg1 Nd7 39. Qd2 Qc6 40. h5 g5 41. Nxg5 hxg5 42. Qxg5+ Kh7 43.
Qf5+ Kh6 44. Qxf7 Qc1+ 45. Kh2 Qf4+ 0-1

[Event "Early-Titled-Tuesday-Blitz-January-16-2024"]
[Site "Chess.com"]
[Date "2024.01.16"]
[Round "4"]
[White "InitiatingASC"]
[Black "GeorgiosSouleidis"]
[Result "0-1"]
[WhiteElo "2418"]
[BlackElo "2656"]
[TimeControl "180+1"]
[EndTime "8:40:47 PST"]
[Termination "GeorgiosSouleidis won on time"]

1. d4 Nf6 2. c4 g6 3. Nf3 Bg7 4. g3 O-O 5. Bg2 d6 6. O-O Nc6 7. d5 Na5 8. Nbd2 c5 9. dxc6 Nxc6 10. Ne1 Bd7 11. Nd3 Rc8 12. b3 a6 13. Bb2 b5 14.
cxb5 axb5 15. Rc1 Qb6 16. Ne4 Nxe4 17. Bxe4 Bxb2 18. Nxb2 Ne5 19. Nd3 Nxd3 20. Qxd3 b4 21. Qd2 Be6 22. Rxc8 Rxc8 23. Rc1 Rc5 24. Rxc5 Qxc5 25.
Qc2 Qxc2 26. Bxc2 f5 27. f4 Bd5 28. Kf2 e5 29. Ke3 Kf7 30. Bd3 Ke7 31. Bc4 Bg2 32.
Kd3 Be4+ 33. Ke3 h6 34. Bd3 Bg2 35. h4 Kf6 36. Bc4 g5 37. hxg5+ hxg5 38. Bg8 Be4 0-1

[Event "Early-Titled-Tuesday-Blitz-January-16-2024"]
[Site "Chess.com"]
[Date "2024.01.16"]
[Round "4"]
[White "effefe"]
[Black "RaugintaBulba"]
[Result "0-1"]
[WhiteElo "2297"]
[BlackElo "2465"]
[TimeControl "180+1"]
[EndTime "8:40:47 PST"]
[Termination "RaugintaBulba won on time"]

1. d4 Nf6 2. c4 g6 3. Nc3 d6 4. e4 Bg7 5. h3 e5 6. d5 a5 7. g4 Na6 8. Be3 Nd7 9. Nge2 Bf6 10. Qd2 h6 11. O-O-O Bg5 12. f4 exf4 13. Nxf4 Ne5 14. Be2 Nc5 15. Kb1 a4 16. Qe1 O-O 17. h4 Bxf4 18.
Bxf4 Nxg4 19. Bxg4 Bxg4 20. Bxh6 Bxd1 21. Qxd1 Re8 22. h5 Nxe4 23. Qd4 Qf6 24. Qd3 Nf2 25.
Qf1 Qf5+ 26. Ka1 Nxh1 27. Qxh1 Qxh5 28. Qc1 Qh4 29. Bd2 Qxc4 30. a3 Re5 31. Qh1 Rae8 32. Qg1 Rf5 33. Qg3 Rf1+ 34. Nb1 Qc2 0-1

[Event "Early-Titled-Tuesday-Blitz-January-16-2024"]
[Site "Chess.com"]
[Date "2024.01.16"]
[Round "4"]
[White "Reynold9402"]
[Black "DanilNajdin"]
[Result "0-1"]
[WhiteElo "2274"]
[BlackElo "2504"]
[TimeControl "180+1"]
[EndTime "8:40:48 PST"]
[Termination "DanilNajdin won on time"]

1. Nf3 d5 2. g3 Nf6 3. Bg2 Bf5 4.
O-O e6 5. d3 h6 6. Nbd2 c6 7.
b3 Bh7 8. Bb2 Be7 9. Re1 O-O 10.
e4 a5 11. a3 a4 12. b4 c5 13. b5 Nbd7 14. c4 dxe4 15. dxe4 Qc7 16. Qc2 Rfd8 17. Rad1 Ng4 18. Nb1 Bf6 19. Nc3 Nge5 20. Nxe5 Bxe5 21. Nxa4 Bxb2 22. Nxb2 Rxa3 23. Rd2 Raa8 24. f4 Nf6 25. Red1 Rxd2 26. Rxd2 Rd8 27. f5 Ng4 28. Rxd8+ Qxd8 29. Qd3 Qf6 0-1

[Event "Early-Titled-Tuesday-Blitz-January-16-2024"]
[Site "Chess.com"]
[Date "2024.01.16"]
[Round "4"]
[White "tjallkompall"]
[Black "HATilay"]
[Result "0-1"]
[WhiteElo "2749"]
[BlackElo "2578"]
[TimeControl "180+1"]
[EndTime "8:40:49 PST"]
[Termination "HATilay won on time"]

1. c4 e5 2. g3 c6 3. Bg2 d5 4. cxd5 cxd5 5. d4 e4 6. Nc3 Bb4 7. Nh3 Nf6 8. Bg5 Nbd7 9. O-O Bxc3 10. bxc3 h6 11. Bd2 O-O 12. a4 Nb6 13. Qb3 Nc4 14.
Bf4 b6 15. f3 Bf5 16. Rfe1 Qd7 17. Nf2 Rfe8 18. fxe4 Nxe4 19. Nd3 Rac8 20. Rac1 g5 21. Be5 f6 22. Bxe4 Bxe4 23. Bxf6 Qh3 0-1

[Event "Early-Titled-Tuesday-Blitz-January-16-2024"]
[Site "Chess.com"]
[Date "2024.01.16"]
[Round "4"]
[White "TrompeterImEther"]
[Black "LuisFSiles"]
[Result "1-0"]
[WhiteElo "2480"]
[BlackElo "2243"]
[TimeControl "180+1"]
[EndTime "8:40:49 PST"]
[Termination "TrompeterImEther won by checkmate"]

1. e4 c5 2. Nf3 Nc6 3. Bb5 g6 4.
O-O Bg7 5. Re1 Nf6 6. e5 Nd5 7.
Nc3 Nc7 8. Bxc6 dxc6 9. h3 O-O 10. d3 Nd5 11. Ne2 b6 12. a4 a5 13. Nf4 Nxf4 14.
Bxf4 Be6 15. Qd2 Qd7 16. Bh6 Bd5 17. Nh2 f5 18. exf6 exf6 19. Ng4 Rae8 20. Qf4 g5 21.
Qg3 Bxh6 22. Nxh6+ Kg7 23. Ng4 h6 24. Ne3 Be6 25. Rad1 f5 26. f4 Qd6 27. Rf1 Kh7 28.
Qf2 Qd4 29. c3 Qxf4 30. Qxf4 gxf4 31. Rxf4 Bb3 32. Re1 Re5 33. Kf2 Kg6 34. g4 Rf6 35. gxf5+ Kg5 36. Rg1+ Kh5 37. Rgg4 Be6 38. Rh4+ Kg5 39.
Rfg4# 1-0

[Event "Early-Titled-Tuesday-Blitz-January-16-2024"]
[Site "Chess.com"]
[Date "2024.01.16"]
[Round "4"]
[White "01Roman"]
[Black "stratacticos"]
[Result "1-0"]
[WhiteElo "2434"]
[BlackElo "1983"]
[TimeControl "180+1"]
[EndTime "8:40:49 PST"]
[Termination "01Roman won on time"]

1. Nf3 c5 2. c3 Nc6 3. c4 Nf6 4. Nc3 g6 5. g3 Bg7 6. Bg2 O-O 7. O-O d5 8. cxd5 Nxd5 9. Rb1 Nxc3 10. bxc3 b6 11.
Bb2 Bf5 12. Rc1 Qc7 13. Re1 Rad8 14. e4 Be6 15. d4 Bc4 16. d5 Ne5 17. Nxe5 Bxe5 18.
Qa4 b5 19. Qa6 Rd6 20. Qa3 Qc8 21. Ba1 Ra6 22. Qb2 Rxa2 23. Qb1 Qa6 24. f4 Rxa1 25. Qxa1 Qxa1 26. Rxa1 Bxc3 27. e5 Bxe1 28. Rxe1 a5 29. d6 exd6 30. exd6 Rd8 31. Rd1 a4 32. Bc6 Be6 33.
Bxb5 a3 34. d7 a2 35. Ra1 Bxd7 36. Bxd7 Rxd7 37. Rxa2 Rc7 38. Kf2 c4 39. Rc2 c3 40.
Ke3 f5 41. Kd3 Kf7 42. Rxc3 Rxc3+ 43. Kxc3 Ke6 44. Kc4 h6 45. h3 g5 46. h4 Kf6 47.
Kd5 1-0